 Dungeon Crawl Stone Soup version 0.18-a0-881-g990e6c6 (webtiles) character file.

183 Proton the Shield-Bearer (level 5, -4/42 HPs)
             Began as a Formicid Fighter on Dec 22, 2015.
             Was an Initiate of Ru.
             Slain by an orc priest
             ... wielding a +4 hand axe of electrocution
              (13 damage)
             ... on level 4 of the Dungeon.
             The game lasted 00:05:40 (3780 turns).

Proton the Shield-Bearer (Formicid Fighter)         Turns: 3780, Time: 00:05:41

Health: -4/42      AC:  7    Str: 22    XL:     5   Next: 94%
Magic:  5/5        EV:  9    Int:  7    God:    Ru [......]
Gold:   152        SH: 10    Dex: 10    Spells: 0 memorised, 4 levels left

rFire  . . .     SeeInvis +     a - +0 long sword
rCold  . . .     Gourm    .     b - +0 scale mail
rNeg   . . .     Faith    .     c - +0 shield
rPois  .         Spirit   .     (helmet unavailable)
rElec  .         Dismiss  .     (no cloak)
rCorr  .         Reflect  .     (no gloves)
SustAt .         Harm     .     (no boots)
MR     .....                    (no amulet)
Stlth  ..........               (no ring)
                                (no ring)

@: not resistant to hostile enchantments, extremely unstealthy
A: permanent stasis, dig shafts and tunnels, four strong arms, antennae 3
a: Dig, Shaft Self, Renounce Religion


You were on level 4 of the Dungeon.
You worshipped Ru.
Ru was noncommittal.
You were not hungry.

You visited 1 branch of the dungeon, and saw 4 of its levels.

You collected 152 gold pieces.

Inventory:

Hand Weapons
 a - a +0 long sword (weapon)
Armour
 b - a +0 scale mail (worn)
 c - a +0 shield (worn)
Scrolls
 e - 3 scrolls of teleportation {unknown}
 g - 5 scrolls of remove curse {unknown}
 i - 9 scrolls of identify {unknown}
 k - 2 scrolls of noise {unknown}
 l - 2 scrolls of fear {unknown}
 n - 2 scrolls of amnesia {unknown}
 o - a scroll of immolation {unknown}
 t - a scroll of magic mapping {unknown}
Potions
 d - 2 potions of might
 h - a potion of brilliance {unknown}
 j - 2 potions of heal wounds
 m - 2 potions of flight {unknown}
 p - a potion of cancellation {unknown}
 s - 2 potions of curing {unknown}
Comestibles
 f - 2 bread rations
 r - a meat ration


   Skills:
 + Level 3.8 Fighting
 + Level 3.1 Long Blades
 + Level 4.3 Armour
 + Level 1.7 Dodging
 + Level 4.7 Shields


You had 4 spell levels left.
You didn't know any spells.

Dungeon Overview and Level Annotations

Branches:
Dungeon (4/15)
 Temple: D:4-7

Altars:
Ru


Innate Abilities, Weirdness & Mutations

You are under a permanent stasis effect.
You can dig through walls and to a lower floor.
Your four strong arms can wield two-handed weapons with a shield.
You have a pair of large antennae on your head (SInv).


Message History

The orc priest hits you but does no damage.
The orc priest mumbles some strange prayers to Beogh against you.
Something smites you!
* * * LOW HITPOINT WARNING * * *
The orc hits you but does no damage.
You closely miss the orc priest.
The orc priest is almost dead.
The orc priest barely misses you.
The orc priest mumbles some strange prayers to Beogh against you.
Pain shoots through your body!
* * * LOW HITPOINT WARNING * * *
The orc barely misses you.
The orc priest hits you but does no damage.
You block the orc priest's attack.
You closely miss the orc priest.
The orc priest is almost dead.
You block the orc's attack. You block the orc priest's attack.
The orc priest hits you but does no damage.
You are electrocuted!
You die...

#.....# ##
#.....# .
♣.....# ####
♣.....# ....
♣.....# ....
♣.....####
....
♣.oo......
.... ♣.@..#
### ♣♣ ♣♣..o.#
#. ♣.♣♣♣.$...#
####♣♣♣#.
#.........#
#........
##........#
#...♣♣♣..
#........#
#........
#####........#
#........
#............#
#........
#............#
###........


You could see 2 orc priests and an orc.

Vanquished Creatures
  A worker ant (D:4)
  5 adders
  An ooze (D:3)
  4 worms
  2 giant geckos (D:2)
  2 orcs
  10 bats
  3 giant cockroaches (D:2)
  7 hobgoblins
  16 jackals
  16 kobolds
  4 quokkas (D:2)
  A ball python (D:1)
  6 giant newts
  8 goblins
  4 rats
90 creatures vanquished.

Notes
Turn   | Place    | Note
--------------------------------------------------------------
     0 | D:1      | Proton the Formicid Fighter began the quest for the Orb.
     0 | D:1      | Reached XP level 1. HP: 18/18 MP: 1/1
     0 | D:1      | You fall through a shaft!
    98 | D:2      | Reached XP level 2. HP: 24/24 MP: 2/2
   389 | D:1      | Reached XP level 3. HP: 29/29 MP: 3/3
   450 | D:1      | Reached skill level 4 in Shields
  1346 | D:2      | Reached skill level 1 in Dodging
  1346 | D:2      | Reached XP level 4. HP: 26/35 MP: 4/4
  2445 | D:3      | Reached XP level 5. HP: 4/41 MP: 5/5
  2668 | D:3      | Found a sacrificial altar of Ru.
  2675 | D:3      | Became a worshipper of Ru the Awakened
  3296 | D:4      | Noticed an ogre
  3780 | D:4      | Slain by an orc priest

Vault maps used:
D:1:      shiori_arrival_maze, minmay_misc_feat_tiny, kennysheep_crisscross
D:2:      wad_pebble_path, first_bread, grunt_ministairs_15, kennysheep_nub
D:3:      overflow_temple_1_default
D:4:      serial_forest, infiniplex_forest_straight_1, infiniplex_forest_end_3,
          infiniplex_forest_lined_1, infiniplex_forest_straight_3,
          infiniplex_forest_lined_corner, infiniplex_forest_straight_2,
          infiniplex_forest_straight_4, infiniplex_forest_zigzag_2,
          infiniplex_forest_clump_tiny

Action                   |  1- 3 |  4- 6 || total
-------------------------+-------+-------++-------
Melee: Long sword        |   137 |   227 ||   364
  Use: Potion            |       |     1 ||     1
  Eat: Bread ration      |     1 |       ||     1
       Chunk             |       |     5 ||     5
